 Dungeon Crawl Stone Soup version 0.26-a0-597-gb535b0901c (webtiles) character file.

Game seed: 15229809279487638371

87 graki42 the Firebug (level 4, 0/24 HPs)
             Began as a Deep Elf Fire Elementalist on Aug 25, 2020.
             Slain by a gnoll
             ... wielding a +0 spear
              (4 damage)
             ... on level 3 of the Dungeon.
             The game lasted 00:08:43 (2751 turns).

graki42 the Firebug (Deep Elf Fire Elementalist)    Turns: 2751, Time: 00:08:44

Health: 0/24       AC:  4    Str:  6    XL:     4   Next: 28%
Magic:  4/11       EV: 13    Int: 20    God:
Gold:   58         SH:  0    Dex: 15    Spells: 3/10 levels left

rFire    . . .     SeeInvis .   f - +0 short sword
rCold    . . .     Faith    .   (no shield)
rNeg     . . .     Spirit   .   a - +0 robe
rPois    .         Reflect  .   (no helmet)
rElec    .         Harm     .   (no cloak)
rCorr    .                      (no gloves)
MR       .....                  k - +1 pair of boots
Stlth    ++........             (no amulet)
HPRegen  0.08/turn              (no ring)
MPRegen  0.12/turn              (no ring)

@: no status effects
A: no striking features
a: no special abilities


You were on level 3 of the Dungeon.
You visited 1 branch of the dungeon, and saw 4 of its levels.

You collected 58 gold pieces.

Inventory:

Hand Weapons
 f - a +0 short sword (weapon)
Armour
 a - a +0 robe (worn)
 k - a +1 pair of boots (worn)
Jewellery
 c - an uncursed ring of see invisible {unknown}
Wands
 l - a wand of enslavement (8)
 o - a wand of flame (17)
Scrolls
 d - a scroll of blinking {unknown}
 h - a scroll of identify {unknown}
 i - a scroll of remove curse {unknown}
 j - a scroll of noise {unknown}
 m - a scroll of enchant weapon {unknown}
 n - a scroll of teleportation {unknown}
Potions
 b - 2 potions of brilliance {unknown}
 e - a potion of degeneration {unknown}
 g - a potion of stabbing {unknown}


   Skills:
 - Level 3.0 Dodging
 - Level 3.0 Stealth
 + Level 3.7 Spellcasting
 + Level 2.0 Conjurations
 + Level 0.7 Hexes
 + Level 4.4 Fire Magic


You had 3 spell levels left.
You knew the following spells:

 Your Spells              Type           Power        Failure   Level
a - Foxfire               Conj/Fire      ###.         3%          1
b - Conjure Flame         Conj/Fire      ###.....     11%         3
c - Inner Flame           Hex/Fire       ##......     14%         3

Your spell library contained the following spells:

 Spells                   Type           Power        Failure   Level
 Sticky Flame             Conj/Fire      ###.....     34%         4
 Fireball                 Conj/Fire      ###.......   69%         5


Dungeon Overview and Level Annotations

Branches:
Dungeon (4/15)
 Temple: D:4-7

Altars:
Dithmenos
Fedhas
Qazlal
Trog
The Shining One

Annotations:
D:3 Lanoc's ghost, amateur FoCK


Message History

You conjure some foxfire!
The foxfire hits the gnoll but does no damage.
The gnoll is almost dead.
Your foxfire dissipates!
Casting: Foxfire (safe; 3% risk of failure)
Confirm with . or Enter, or press ? or * to list all spells.
You conjure some foxfire!
You hit the gnoll but do no damage.
The gnoll is severely wounded.
The foxfire hits the gnoll.
The gnoll is almost dead.
The foxfire hits the gnoll but does no damage.
The gnoll is almost dead.
The gnoll hits you from afar with a +0 spear.
* * * LOW HITPOINT WARNING * * *
Casting: Foxfire (safe; 3% risk of failure)
Confirm with . or Enter, or press ? or * to list all spells.
You conjure some foxfire!
The gnoll completely misses you.
The gnoll hits you from afar with a +0 spear.
You die...

### #######v#
......g@#
#######v# #g#
#g# #.#
###'#######
#.........#
#.........#
#.........###.
#


You could see 3 gnolls.

Vanquished Creatures
  3 adders
  A worm (D:2)
  3 dart slugs
  2 leopard geckos (D:2)
  An orc (D:3)
  A giant cockroach (D:2)
  5 goblins
  5 hobgoblins
  3 quokkas
  5 bats
  4 frilled lizards
  10 kobolds
  3 rats
46 creatures vanquished.

Vanquished Creatures (others)
  127 foxfires
  3 plants (D:3)
130 creatures vanquished.

Grand Total: 176 creatures vanquished

Notes
Turn   | Place    | Note
-------+----------+-------------------------------------------
     0 | D:1      | graki42 the Deep Elf Fire Elementalist began the quest for
                  | the Orb.
     0 | D:1      | Reached XP level 1. HP: 10/10 MP: 6/6
   469 | D:1      | Reached XP level 2. HP: 15/15 MP: 5/8
  1077 | D:2      | Found a blossoming altar of Fedhas.
  1097 | D:2      | Reached skill level 4 in Fire Magic
  1133 | D:2      | Reached XP level 3. HP: 19/19 MP: 7/9
  1153 | D:2      | Found a stormy altar of Qazlal.
  1235 | D:2      | Found a shadowy altar of Dithmenos.
  1388 | D:2      | Found a bloodstained altar of Trog.
  2317 | D:3      | Found a runed translucent gate.
  2317 | D:3      | Found a runed translucent gate.
  2317 | D:3      | Found a runed translucent gate.
  2324 | D:3      | Learned a level 3 spell: Conjure Flame
  2328 | D:3      | Learned a level 3 spell: Inner Flame
  2330 | D:3      | Noticed Lanoc's ghost (amateur FoCK)
  2334 | D:3      | Paralysed by a kobold for 3 turns
  2677 | D:3      | Found a glowing golden altar of the Shining One.
  2681 | D:3      | Reached XP level 4. HP: 24/24 MP: 8/11
  2708 | D:3      | You fall into a shaft and drop 1 floor!
  2751 | D:3      | Slain by a gnoll

Illustrated notes

Levels and vault maps discovered:
D:1:      roderic_dead_forest, layout_loops_ring
D:2:      layout_basic, lemuel_doored_altar, nicolae_dithmenos_shadow_blocks,
          grunt_temple_overflow_forces_of_nature, solitary_fountain,
          minmay_circled_x
D:3:      layout_basic, gammafunk_ghost_nasty_kobolds, tso_metal_star
D:4:      layout_cave_pods, lemuel_round_altar, cheibriados_altar_1,
          due_unseen_surprise

Skill      XL: |  1  2  3  4 |
---------------+-------------+-----
Fire Magic     | 4 |  4.4
Dodging        | 3 |  3.0
Stealth        | 3 |  3.0
Conjurations   | 2 |  2.0
Spellcasting   | |  3.7
Hexes          | |  0.7

Action                   |  1- 3 |  4- 6 || total
-------------------------+-------+-------++-------
Melee: Unarmed           |     2 |       ||     2
       Short sword       |       |     1 ||     1
 Cast: Foxfire           |    70 |     9 ||    79
  Use: Potion            |     1 |       ||     1
 Stab: Sleeping          |     1 |       ||     1
Armor: Robe              |     4 |     3 ||     7
Dodge: Dodged            |    16 |     2 ||    18

Table legend: (Time is in decaauts)
 A = Elapsed time spent in this place.
 B = Non-inter-level travel time spent in this place.
 C = Inter-level travel time spent in this place.
 D = Time resting spent in this place.
 E = Time spent auto-exploring this place.
 F = Levels seen in this place.
 G = Mean time per level.
                   A        B        C        D        E       F      G
               +--------+--------+--------+--------+--------+-----+--------+
         Total |   2751 |   2708 |     43 |    805 |   1582 |   4 |  687.8 |
       Dungeon |   2751 |   2708 |     43 |    805 |   1582 |   4 |  687.8 |
               +--------+--------+--------+--------+--------+-----+--------+

Top non-repeatable levels by time:
     D:2: 1924 daAuts
     D:1: 588 daAuts
     D:3: 214 daAuts
     D:4: 23 daAuts
